 Dungeon Crawl Stone Soup version 0.24.0-5-g267a8d59f4 (webtiles) character file.

Game seed: 8584050197849608691, levelgen mode: deterministic

200 Lanoc the Poker (level 5, 0/43 HPs)
             Began as a Merfolk Monk on Nov 1, 2019.
             Slain by a gnoll
             ... wielding a +0 spear
              (7 damage)
             ... on level 3 of the Dungeon.
             The game lasted 00:03:55 (2111 turns).

Lanoc the Poker (Merfolk Monk)                      Turns: 2111, Time: 00:03:56

Health: 0/43       AC:  3    Str: 11    XL:     5   Next: 79%
Magic:  5/5        EV:  8    Int: 10    God:
Gold:   88         SH:  0    Dex: 17    Spells: 4/4 levels left

rFire    . . .     SeeInvis .   q - +2 quarterstaff (chaos)
rCold    . . .     Gourm    .   (shield currently unavailable)
rNeg     . . .     Faith    .   b - +0 robe
rPois    .         Spirit   .   (no helmet)
rElec    .         Reflect  .   r - +0 cloak
rCorr    .         Harm     .   (no gloves)
MR       .....                  (no boots)
Stlth    ++........             (no amulet)
HPRegen  0.14/turn              (no ring)
MPRegen  0.09/turn              (no ring)

@: held
A: change form in water, swift swim, stealthy swim
a: no special abilities


You were on level 3 of the Dungeon.
You were hungry.

You visited 1 branch of the dungeon, and saw 3 of its levels.

You collected 88 gold pieces.

Inventory:

Hand Weapons
 a - a +0 spear
 o - a +0 halberd
 q - a +2 quarterstaff of chaos (weapon)
Armour
 b - a +0 robe (worn)
 r - a +0 cloak (worn)
Scrolls
 d - a scroll of enchant weapon {unknown}
 e - a scroll of fog {unknown}
 h - a scroll of identify {unknown}
 i - a scroll of noise {unknown}
 k - a scroll of magic mapping {unknown}
 l - a scroll of teleportation {unknown}
 n - a scroll of enchant armour {unknown}
 p - a scroll of blinking {unknown}
 s - a scroll of remove curse {unknown}
Potions
 f - a potion of haste
 g - a potion of mutation {unknown}
 j - 2 potions of agility {unknown}
 m - 2 potions of heal wounds
Comestibles
 c - 4 rations


   Skills:
 + Level 4.4 Fighting
 * Level 7.1 Polearms
 + Level 5.3 Dodging
 - Level 2.1 Stealth


You had 4 spell levels left.
You didn't know any spells.
Your spell library was empty.

Dungeon Overview and Level Annotations

Branches:
Dungeon (3/15)

Altars:
Gozag


Message History

You thump the gnoll! Lightning courses through the gnoll!
You kill the gnoll!
You barely miss the frilled lizard.
The frilled lizard bites you but does no damage.
The gnoll completely misses you.
You miss the frilled lizard. The frilled lizard closely misses you.
The gnoll hits you from afar with a +0 spear.
* * * LOW HITPOINT WARNING * * *
The frilled lizard misses you.
The gnoll throws a throwing net.
The throwing net hits you.
You become entangled in the net!
There is a stone staircase leading up here.
You see here a throwing net.
You can't do that while held in a net.
You struggle against the net.
You struggle against the net.
The frilled lizard barely misses you.
You struggle against the net.
The frilled lizard bites you but does no damage.
The gnoll hits you from afar with a +0 spear!
You die...

######........# #.###
##...)†........# #...#
........######## ###.#
##......# #.# ##......# #.##
........# #..# ##......#
########.# #......#
#......#.## #......#
#..@...#..#
#......######..l)..##.#######
##.............g.............#
......########..)............#
###......).........#....<....#
############...............#
#.....#....)...[#
.......#.........#
..[.....#.........#


You could see a gnoll and a frilled lizard.

Vanquished Creatures
  Crazy Yiuf (D:2)
  Jessica (D:2)
  7 gnolls
  3 adders
  A worm (D:2)
  5 orcs (D:3)
  3 bats
  2 giant cockroaches (D:2)
  7 goblins
  A hobgoblin (D:3)
  A jackal (D:3)
  3 frilled lizards
  7 kobolds
  7 rats
49 creatures vanquished.

Notes
Turn   | Place    | Note
-------+----------+-------------------------------------------
     0 | D:1      | Lanoc the Merfolk Monk began the quest for the Orb.
     0 | D:1      | Reached XP level 1. HP: 18/18 MP: 1/1
   118 | D:1      | Reached skill level 5 in Polearms
   118 | D:1      | Reached XP level 2. HP: 11/24 MP: 2/2
   386 | D:2      | Noticed Jessica
   528 | D:2      | Killed Jessica
   528 | D:2      | Reached XP level 3. HP: 13/30 MP: 3/3
   835 | D:2      | Reached XP level 4. HP: 25/37 MP: 4/4
   966 | D:2      | Found an opulent altar of Gozag.
  1012 | D:2      | Reached skill level 6 in Polearms
  1248 | D:2      | Reached skill level 5 in Dodging
  1571 | D:2      | Reached XP level 5. HP: 36/42 MP: 5/5
  1656 | D:2      | Found a runed translucent door.
  1657 | D:2      | Noticed Crazy Yiuf
  1692 | D:2      | Killed Crazy Yiuf
  2079 | D:3      | Reached skill level 7 in Polearms
  2111 | D:3      | Slain by a gnoll

Levels and vault maps discovered:
D:1:      dpeg_arrival_subterranean_lakeside_camping, layout_basic
D:2:      layout_loops_ring, nicolae_overflow_hidden_temple,
          grunt_gozag_statues, uniq_jessica, uniq_crazy_yiuf_cottage
D:3:      layout_rooms, kennysheep_pointless_box

Skill      XL: |  1  2  3  4  5 |
---------------+----------------+-----
Polearms       | 5 6 7 |  7.1
Fighting       | 4 |  4.4
Dodging        | 5 |  5.3
Stealth        | |  2.1

Action                   |  1- 3 |  4- 6 || total
-------------------------+-------+-------++-------
Melee: Spear             |    93 |    84 ||   177
       Quarterstaff      |       |    35 ||    35
  Use: Potion            |     1 |     1 ||     2
 Stab: Sleeping          |     3 |       ||     3
       Petrified         |       |     1 ||     1
  Eat: Chunk             |       |     3 ||     3
Armor: Robe              |    12 |    10 ||    22
Dodge: Dodged            |    60 |    73 ||   133
